 Dungeon Crawl Stone Soup version 0.29-a0-380-gf50f0a9fbc (webtiles) character file.

Game seed: 16537874572181355815

36 spaghetti the Ruffian (level 3, 0/29 HPs)
             Began as a Demonspawn Berserker on May 5, 2022.
             Was a Follower of Trog.
             Slain by a worm (9 damage)
             ... on level 2 of the Dungeon.
             The game lasted 00:02:44 (2023 turns).

spaghetti the Ruffian (Demonspawn Berserker)        Turns: 2023, Time: 00:02:45

Health: 0/29       AC:  4    Str: 19    XL:     3   Next: 19%
Magic:  3/3        EV: 12    Int:  8    God:    Trog [*.....]
Gold:   84         SH:  0    Dex: 12    Spells: 2/2 levels left

rFire   . . .      SeeInvis .     - Unarmed
rCold   . . .      Faith    .   (no shield)
rNeg    . . .      Spirit   .   a - +0 animal skin
rPois   .          Reflect  .   (no helmet)
rElec   .          Harm     .   (no cloak)
rCorr   .          Rampage  .   (no gloves)
Will    .....                   (no boots)
Stlth   +.........              (no amulet)
HPRegen 0.09/turn               (no ring)
MPRegen 0.08/turn               (no ring)

@: no status effects
A: thin metallic scales 1
a: Renounce Religion, Berserk


You were on level 2 of the Dungeon.
You worshipped Trog.
Trog was aware of your devotion.
You visited 1 branch of the dungeon, and saw 2 of its levels.

You collected 84 gold pieces.


Innate Abilities, Weirdness & Mutations

You are partially covered in thin metallic scales. (AC +2)


   Skills:
 - Level 3.0 Fighting
 - Level 1.7 Armour
 - Level 1.7 Dodging
 + Level 4.0 Unarmed Combat


You had 2 spell levels left.
You didn't know any spells.
Your spell library contained the following spells:

 Spells                   Type           Power      Damage    Failure   Level
 Tukima's Dance           Hex            0%         N/A       78%         3
 Anguish                  Hex/Necr       0%         N/A       99%         4
 Enfeeble                 Hex            0%         N/A       100%        7

Inventory:

Hand Weapons
 d - a +0 hunting sling {sling}
   (You found it on level 1 of the Dungeon)
Missiles
 b - 81 stones (quivered) {throwing}
 f - 6 boomerangs {throwing}
 l - 5 atropa-tipped darts {throwing}
Armour
 a - a +0 animal skin (worn)
Scrolls
 c - a scroll of teleportation {unknown}
 e - a scroll of enchant weapon {unknown}
 g - 2 scrolls of identify {unknown}
Potions
 h - a potion of curing {unknown}
 i - 2 potions of mutation {unknown}
 j - a potion of cancellation {unknown}
 k - a potion of brilliance {unknown}
 m - a potion of lignification {unknown}

Dungeon Overview and Level Annotations

Branches:
Dungeon (2/15)

Altars:

Shops:
D:1

!?= ##<#.####.# #.#.#
#### ..###.....# #
#.# #.. ##.#.######
#.#.# #.# ###.##
#.#.####.### #...#
...##.....# #.###
#.##.....##### #.# #
#............# #.#
#.###.##.....###.###
#.#
#.w@<.##.....###.##.
#.#
#.###..........##.#..
#.#
#.######.##.......
#.# #.. #.####..<..
#[. #.. #..........
#.. #####.###.. ##.
#.# ##† ## #. #. #.
#)


You could see a worm.


Message History

😕 HP[-2]
You take 2 damage, and now have 27/29 hp.
You are too injured to fight recklessly!
You are too injured to fight recklessly!
You are too injured to fight recklessly!
You are too injured to fight recklessly!
You are too injured to fight recklessly!
You are too injured to fight recklessly!
You are too injured to fight recklessly!
You are too injured to fight recklessly!
You are too injured to fight recklessly!
You are too injured to fight recklessly!
You are too injured to fight recklessly!
You are too injured to fight recklessly!
You are too injured to fight recklessly!
You are too injured to fight recklessly!
You are too injured to fight recklessly!
You are too injured to fight recklessly!
You are too injured to fight recklessly!
Unknown command.
You hit the orc.
You kill the orc!
Trog accepts your kill.
You barely miss the ball python.
The ball python bites you but does no damage.
The ball python grabs you.
The ball python constricts you. 😕 HP[-1]
You take 1 damage, and now have 26/29 hp.
Unknown command.
You closely miss the ball python.
The ball python bites you but does no damage.
The ball python constricts you. The ball python closely misses you.
The ball python constricts you. 😕 HP[-2]
You take 2 damage, and now have 24/29 hp.
You punch the ball python!
You kill the ball python!
Trog accepts your kill.
You start resting. 😎 HP[+5]
Your hp is fully restored (29).
b - 81 stones {throwing} (gained 11)
m - a fizzy green potion You now have 84 gold pieces (gained 3).
Key pressed, stopping explore.
Found a stone staircase leading up.
A ball python comes into view.
The ball python hisses angrily.
A ball python is nearby!
A worm comes into view.
The ball python closely misses you. The ball python grabs you.
The ball python constricts you.
You hit the ball python.
You kill the ball python!
Trog accepts your kill.
Your Unarmed Combat skill increases to level 4!
There is a stone staircase leading up here.
You hit the worm. The worm bites you but does no damage.
You hit the worm. You hit the worm. The worm bites you. 😕 HP[-5]
You take 5 damage, and now have 24/29 hp.
You are too injured to fight recklessly!
You are too injured to fight recklessly!
You are too injured to fight recklessly!
You are too injured to fight recklessly!
You are too injured to fight recklessly!
You are too injured to fight recklessly!
You are too injured to fight recklessly!
You are too injured to fight recklessly!
You are too injured to fight recklessly!
You are too injured to fight recklessly!
You are too injured to fight recklessly!
You are too injured to fight recklessly!
You are too injured to fight recklessly!
You are too injured to fight recklessly!
You are too injured to fight recklessly!
You are too injured to fight recklessly!
You are too injured to fight recklessly!
You are too injured to fight recklessly!
Unknown command.
You hit the worm. You barely miss the worm. The worm bites you! 😮 HP[-8]
You take 8 damage, and now have 16/29 hp.
MASSIVE DAMAGE!! (PAUSE) Unknown command.
You completely miss the worm. You barely miss the worm. The worm bites you!
* * * LOW HITPOINT WARNING * * *
😨 HP[-7]
You take 7 damage, and now have 9/29 hp.
MASSIVE DAMAGE!! (PAUSE) Unknown command.
You completely miss the worm. The worm closely misses you.
You hit the worm. You hit the worm. The worm bites you!
You die...

Skill      XL: |  1  2  3 |
---------------+----------+-----
Unarmed Combat | 3 4 |  4.0
Fighting       | |  3.0
Armour         | |  1.7
Dodging        | |  1.7

Action                   || total
-------------------------++-------
Melee: Unarmed           ||    85
       Punch             ||     1
Throw: Stone             ||    26
Invok: Berserk           ||     1
Armor: Animal skin       ||    10
Dodge: Dodged            ||    37

Levels and vault maps discovered:
D:1:      scummos_arrival_checkerplants, layout_basic, serial_shops,
          nicolae_shop_stone, shop, shop
D:2:      layout_loops_ring

Notes
Turn   | Place    | Note
-------+----------+-------------------------------------------
     0 | D:1      | spaghetti the Demonspawn Berserker began the quest for the
                  | Orb.
     0 | D:1      | Reached XP level 1. HP: 18/18 MP: 1/1
     0 | D:1      | magus.rc [v1.9.6]
    22 | D:1      | Found Zavaneo's Jewellery Boutique.
   145 | D:1      | Reached skill level 3 in Unarmed Combat
   451 | D:1      | Found Samyg's Magic Scroll Shop.
   496 | D:1      | Gained mutation: You are partially covered in thin metallic
                  | scales. (AC +2) [demonic ancestry]
   496 | D:1      | Reached XP level 2. HP: 16/24 MP: 2/2
   796 | D:1      | Found Hox Difu's Distillery.
  1643 | D:2      | You pick up a book of Maledictions {forbidden} and begin
                  | reading...
  1643 | D:2      | You add the spells Tukima's Dance, Anguish and Enfeeble to
                  | your library.
  1743 | D:2      | Reached XP level 3. HP: 23/29 MP: 3/3
  2012 | D:2      | Reached skill level 4 in Unarmed Combat
  2023 | D:2      | Slain by a worm

Vanquished Creatures
  2 dart slugs
  An orc (D:2)
  A bat (D:1)
  5 endoplasms
  A giant cockroach (D:1)
  2 goblins (D:1)
  2 hobgoblins (D:1)
  2 quokkas (D:1)
  6 ball pythons
  3 frilled lizards (D:1)
  A kobold (D:2)
  4 rats (D:1)
30 creatures vanquished.

Table legend:
 A = Non-vault XP
 B = Vault XP
 C = Vault XP percentage of total XP
 D = Non-vault monster count
 E = Vault monster count
 F = Vault count percentage of total count
                 A         B        C        D         E       F
            +---------+---------+-------+---------+---------+-------
      Total |      52 |       0 |   0.0 |      30 |       0 |   0.0
            +---------+---------+-------+---------+---------+-------
        D:1 |      37 |       0 |   0.0 |      23 |       0 |   0.0
        D:2 |      15 |       0 |   0.0 |       7 |       0 |   0.0
            +---------+---------+-------+---------+---------+-------

Illustrated notes

Table legend:
 A = Kills in this place as a percentage of kills in entire the game.
 B = Kills by you in this place as a percentage of kills by you in the entire game.
 C = Kills by friends in this place as a percentage of kills by friends in the entire game.
 D = Other kills in this place as a percentage of other kills in the entire game.
 E = Experience gained in this place as a percentage of experience gained in the entire game.
 F = Experience gained in this place divided by the number of levels of this place that you have seen.
                   A       B       C       D       E      F
               +-------+-------+-------+-------+-------+----------------------
         Total | 100.0 | 100.0 |   N/A |   N/A | 100.0 |  26.0
       Dungeon | 100.0 | 100.0 |   N/A |   N/A | 100.0 |  26.0
               +-------+-------+-------+-------+-------+----------------------

Table legend: (Time is in decaauts)
 A = Elapsed time spent in this place.
 B = Non-inter-level travel time spent in this place.
 C = Inter-level travel time spent in this place.
 D = Time resting spent in this place.
 E = Time spent auto-exploring this place.
 F = Levels seen in this place.
 G = Mean time per level.
                   A        B        C        D        E       F      G
               +--------+--------+--------+--------+--------+-----+--------+
         Total |   2030 |   2013 |     17 |    617 |   1160 |   2 | 1015.0 |
       Dungeon |   2030 |   2013 |     17 |    617 |   1160 |   2 | 1015.0 |
               +--------+--------+--------+--------+--------+-----+--------+

Top non-repeatable levels by time:
     D:1: 1590 daAuts
     D:2: 440 daAuts
